 Dungeon Crawl Stone Soup version 0.28.0-43-g3370ac3207 (webtiles) character file.

Game seed: 10789822040325175247

46 safid the Chopper (level 3, -3/33 HPs)
             Began as a Hill Orc Fighter on Mar 4, 2022.
             Succumbed to a kobold's poison
             ... on level 2 of the Dungeon.
             The game lasted 00:02:30 (1689 turns).

safid the Chopper (Hill Orc Fighter)                Turns: 1689, Time: 00:02:31

Health: -3/33      AC:  6    Str: 20    XL:     3   Next: 68%
Magic:  3/3        EV:  9    Int:  8    God:
Gold:   67         SH:  4    Dex: 10    Spells: 2/2 levels left

rFire   . . .      SeeInvis .   a - +0 war axe
rCold   . . .      Faith    .   c - +0 buckler
rNeg    . . .      Spirit   .   b - +0 scale mail
rPois   .          Reflect  .   (no helmet)
rElec   .          Harm     .   (no cloak)
rCorr   .          Rampage  .   (no gloves)
Will    .....                   (no boots)
Stlth   ..........              (no amulet)
HPRegen 0.11/turn               (no ring)
MPRegen 0.08/turn               (no ring)

@: lethally poisoned (-3 -> -30)
A: no striking features
a: no special abilities


You were on level 2 of the Dungeon.
You visited 1 branch of the dungeon, and saw 2 of its levels.

You collected 67 gold pieces.

Inventory:

Hand Weapons
 a - a +0 war axe (weapon)
Armour
 b - a +0 scale mail (worn)
 c - a +0 buckler (worn)
Scrolls
 f - a scroll of identify
Potions
 d - a potion of might


   Skills:
 - Level 4.0 Fighting
 + Level 4.1 Axes
 + Level 3.6 Armour
 + Level 3.6 Shields


You had 2 spell levels left.
You didn't know any spells.
Your spell library was empty.

Dungeon Overview and Level Annotations

Branches:
Dungeon (2/15)

Altars:


Message History

No target in view!
Found a dagger.
Found two stone staircases leading up.
Found a shortbow.
A kobold comes into view. It is wielding a +0 dagger of venom.
The kobold shouts!
Found 19 stones.
The kobold hits you with a +0 dagger of venom.
You barely miss the kobold. The kobold hits you but does no damage.
You are poisoned.
You closely miss the kobold.
You feel very sick.
The kobold hits you with a +0 dagger of venom.
You are more poisoned.
You barely miss the kobold.
You feel very sick.
The kobold hits you with a +0 dagger of venom.
You are lethally poisoned!
The kobold hits you but does no damage.
You are more poisoned.
You closely miss the kobold.
* * * LOW HITPOINT WARNING * * *
You feel extremely sick. The kobold barely misses you.
You are too injured to fight recklessly!
You are too injured to fight recklessly!
You are too injured to fight recklessly!
You are too injured to fight recklessly!
You are too injured to fight recklessly!
You are too injured to fight recklessly!
There is a lethal amount of poison in your body!
Okay, then.
As you read the scroll labelled SUIXOE ZAVOFFU, it crumbles to dust.
It is a scroll of identify.
e - a scroll of acquirement
* * * LOW HITPOINT WARNING * * *
You feel very sick. The kobold hits you but does no damage.
You are more poisoned.
Something appears at your feet!
You die...

### #.# #.# #.. ..# #.#
#.# #.# #.# #.# #K# #.#
#@# # #.# #.#
#.##########.###.####...
........................
#).#..#.####.#####.##...
#....<#.# #.# (#
......#.# #.# #
........# #.# ##.#...##
#.#


You could see a kobold.

Vanquished Creatures
  An adder (D:2)
  A worm (D:2)
  A ball python (D:1)
  3 bats (D:1)
  5 endoplasms
  2 giant cockroaches
  5 hobgoblins (D:1)
  2 jackals (D:1)
  2 quokkas (D:1)
  A goblin (D:1)
  3 kobolds (D:1)
  4 rats
30 creatures vanquished.

Notes
Turn   | Place    | Note
-------+----------+-------------------------------------------
     0 | D:1      | safid the Hill Orc Fighter began the quest for the Orb.
     0 | D:1      | Reached XP level 1. HP: 19/19 MP: 1/1
    14 | D:1      | Found a faded altar of an unknown god.
   380 | D:1      | Reached XP level 2. HP: 26/27 MP: 2/2
   902 | D:1      | Reached XP level 3. HP: 33/33 MP: 3/3
  1688 | D:2      | Identified a scroll of acquirement
  1689 | D:2      | Acquired the +4 long sword of Floods {vorpal, Dex+5}
  1689 | D:2      | Succumbed to a kobold's poison

Illustrated notes

Levels and vault maps discovered:
D:1:      heliophobic_arrival_henge, layout_loops_corners,
          basic_ecumenical_altar, minmay_pentomino_s2
D:2:      layout_basic

Skill      XL: |  1  2  3 |
---------------+----------+-----
Axes           | 3 4 |  4.1
Fighting       | 4 |  4.0
Armour         | |  3.6
Shields        | |  3.6

Action                   || total
-------------------------++-------
Melee: War axe           ||    91
  Use: Scroll            ||     2
Armor: Scale mail        ||    36
Dodge: Dodged            ||    48
Block: Buckler           ||    16
